 Dungeon Crawl Stone Soup version 0.7.1-20-g9bdf074 character file.

214 foolcircle the Stinger (level 4, -2/26 HPs)
             Began as a Demonspawn Venom Mage on Aug 19, 2010.
             Slain by a giant ant (7 damage)
             ... on Level 4 of the Dungeon.
             The game lasted 01:04:14 (3766 turns).

foolcircle the Stinger (Demonspawn Venom Mage)      Turns: 3766, Time: 01:04:14

HP  -2/26        AC  3     Str  9 Exp: 4/142 (0), need: 81
MP   0/8         EV 11     Int 17      God:
Gold 115         SH  0     Dex 11 (13) Spells:  1 memorised,  6 levels left

Res.Fire  : . . .   See Invis. : .   e - +0,+1 orc dagger
Res.Cold  : . . .   Warding    : .   a - +0 robe
Life Prot.: . . .   Conserve   : .   (no shield)
Res.Poison: .       Res.Corr.  : .   (no helmet)
Res.Elec. : .       Clarity    : .   (no cloak) Spirit.Shd: . Stasis : .
                                     (no gloves)
Sust.Abil.: . .     Rnd.Telep. : .   (no boots)
Res.Mut.  : .       Ctrl.Telep.: .   (no amulet)
Res.Rott. : .       Levitation : .   (no ring)
Saprovore : . . .   Ctrl.Flight: .   (no ring)

@: mildly poisoned, slightly resistant to hostile enchantments, fairly stealthy
A: AC +1
a: no special abilities


You were on level 4 of the Dungeon.
You were not hungry.

You visited 1 branch of the dungeon, and saw 4 of its levels.

You collected 95 gold pieces.

Inventory:

Hand weapons
 e - a +0,+1 orcish dagger (weapon)
 r - a +0 blowgun
Missiles
 s - 23 poisoned +0 orcish needles
Armour
 a - a +0 robe (worn)
Comestibles
 c - 2 bread rations
 u - a rotting chunk of hobgoblin flesh
Scrolls
 d - 3 scrolls of remove curse {unknown}
 j - a scroll of teleportation
 l - 2 scrolls of fear {unknown}
Jewellery
 f - an uncursed amulet of guardian spirit {unknown}
 i - an uncursed ring of ice {unknown}
Potions
 g - a potion of invisibility {unknown}
 h - a potion of mutation {unknown}
 k - a potion of slowing {unknown}
 n - 5 potions of healing {unknown}
 o - a potion of brilliance
 q - a potion of heal wounds {unknown}
Books
 b - a Young Poisoner's Handbook

   Spells                             Type                      Level
   *Sting                             Conjuration/Poison           1
   Cure Poison                        Poison                       2
   Poison Weapon                      Enchantment/Poison           3
   Mephitic Cloud                     Conjuration/Poison/Air       3
   Venom Bolt                         Conjuration/Poison           5
   You had 0 experience left.


   Skills:
 + Level 1 Dodging
 + Level 2 Stealth
 + Level 2 Spellcasting
 + Level 3 Conjurations
 + Level 5 Poison Magic


You had 6 spell levels left.
You knew the following spells:

 Your Spells              Type           Power        Success   Level
a - Sting                 Pois/Conj      ####.        Excellent   1

Dungeon Overview and Level Annotations

Branches:
Dungeon (4/27)
 Temple: D:4-7

Altars:
Yredelemnul
Lugonu


Innate Abilities, Weirdness & Mutations

You are partially covered in colorless scales (AC +1).


Message History

You miss the giant ant. The giant ant bites you. The giant ant bites you.
The giant ant bites you.
* * * LOW HITPOINT WARNING * * *
The giant ant bites you!
The giant ant's bite was poisonous!
You are poisoned.
You die...

..# ..#######
..>.......
#.####### #^#
#.#########
#.........#
#########'#########
#.........@..# ##
#.........!a.# .#
#............## .#
#......)......# .#
#.............# ##
####.##..#~...#
#.##.###~.....
#.##.#~#~~..... #.
#~~#~~~~..~


You could see a giant ant.

Vanquished Creatures
  Ijyb (D:3)
  3 snakes
  2 oozes
  11 hobgoblins
  12 kobolds
  An orc (D:3)
  A small snake (D:1)
  A giant bat (D:2)
  A giant cockroach (D:1)
  5 giant newts
  8 goblins
  4 jackals (D:3)
  7 rats
57 creatures vanquished.

Vanquished Creatures (others)
  6 toadstools
6 creatures vanquished.

Grand Total: 63 creatures vanquished

Notes
Turn   | Place    | Note
--------------------------------------------------------------
     0 | D:1      | foolcircle, the Demonspawn Venom Mage, began the quest for the Orb.
     0 | D:1      | Reached XP level 1. HP: 10/10 MP: 3/3
   509 | D:1      | Reached XP level 2. HP: 15/15 MP: 2/4
   537 | D:1      | Reached skill 1 in Conjurations
  1637 | D:2      | Found a basalt altar of Yredelemnul.
  1978 | D:2      | Reached XP level 3. HP: 19/21 MP: 1/5
  2248 | D:3      | Noticed Ijyb
  2270 | D:3      | Defeated Ijyb
  2358 | D:3      | Reached skill 5 in Poison Magic
  2742 | D:3      | Gained mutation: You are partially covered in colorless scales (AC +1).
  2742 | D:3      | Reached XP level 4. HP: 14/26 MP: 6/8
  3709 | D:4      | Found a corrupted altar of Lugonu.
  3766 | D:4      | Slain by a giant ant
